 Dungeon Crawl Stone Soup version 0.21.1-1-g345015fe64 (webtiles) character file.

15031 Lennu the Thaumaturge (level 11, -13/91 HPs)
             Began as a Yellow Draconian Conjurer on May 26, 2018.
             Was a Priest of Qazlal.
             Mangled by a spiny frog (23 damage)
             ... on level 2 of the Lair of Beasts.
             The game lasted 01:20:13 (15440 turns).

Lennu the Thaumaturge (Yellow Draconian Conjurer)  Turns: 15440, Time: 01:20:13

Health: -13/91     AC: 10    Str: 10    XL:     11   Next: 96%
Magic:  13/25      EV: 15    Int: 19    God:    Qazlal [***...]
Gold:   569        SH:  9    Dex: 12    Spells: 6/30 levels left

rFire    . . .     SeeInvis .   G - staff of cold
rCold    + . .     Gourm    .   x - +0 buckler
rNeg     . . .     Faith    .   (armour unavailable)
rPois    +         Spirit   .   (helmet restricted)
rElec    .         Reflect  .   m - +0 cloak
rCorr    +         Harm     .   u - +0 pair of gloves
MR       .....                  A - +0 pair of boots
Stlth    +.........             t - amulet of magic regeneration
HPRegen  0.25/turn              C - ring of wizardry
MPRegen  0.44/turn              q - ring of poison resistance

@: sluggish, very slow
A: spit acid, acid resistance, unfitting armour, cold-blooded, AC +7
a: Breathe Acid, Upheaval, Elemental Force, Renounce Religion


You were on level 2 of the Lair of Beasts.
You worshipped Qazlal.
Qazlal was most pleased with you.
You were not hungry.

You visited 3 branches of the dungeon, and saw 13 of its levels.
You also visited: Bailey.

You collected 623 gold pieces.
You spent 54 gold pieces at shops.

Inventory:

Hand Weapons
 s - a +2 whip of flaming
 R - the +7 spear "Koixkan" {pierce, Str+3 Stlth+}
   (You found it on level 1 of the Lair of Beasts)

   It inflicts extra damage upon your enemies.
   It affects your strength (+3).
   It makes you more stealthy.
Armour
 m - a +0 cloak (worn)
 u - a +0 pair of gloves (worn)
 x - a +0 buckler (worn)
 A - a +0 pair of boots (worn)
Magical Staves
 G - an uncursed staff of cold (weapon)
Jewellery
 q - a ring of poison resistance (right hand)
 t - an amulet of magic regeneration (around neck)
 C - a ring of wizardry (left hand)
 K - an uncursed ring of flight
 S - an uncursed amulet of regeneration
Wands
 d - a wand of digging (17)
 i - a wand of iceblast (10)
 l - a wand of acid (13)
 D - a wand of flame (29)
 F - a wand of polymorph (14)
 P - a wand of enslavement (9)
 Q - a wand of disintegration (14)
Scrolls
 e - 3 scrolls of remove curse
 f - 4 scrolls of enchant weapon
 h - 2 scrolls of magic mapping
 j - a scroll of amnesia
 k - 5 scrolls of immolation
 z - 3 scrolls of enchant armour {unknown}
 J - a scroll of vulnerability {unknown}
Potions
 c - 3 potions of berserk rage
 g - 2 potions of haste {unknown}
 n - 2 potions of resistance {unknown}
 o - a potion of cancellation {unknown}
 p - a potion of mutation {unknown}
 r - a potion of brilliance {unknown}
 v - a potion of might
 w - 2 potions of curing
 B - a potion of lignification {unknown}
 E - 2 potions of heal wounds {unknown}
 H - 3 potions of ambrosia {unknown}
 I - 2 potions of invisibility {unknown}
 M - 2 potions of flight {unknown}
 N - 3 potions of agility {unknown}
Books
 a - a book of Conjurations

   Spells                             Type                      Level
   a - Magic Dart                     Conjuration                  1
   b - Searing Ray                    Conjuration                  2
   c - Dazzling Spray                 Conjuration/Hexes            3
   d - Fulminant Prism                Conjuration/Hexes            4
   e - Force Lance                    Conjuration/Translocation    4
   f - Iskenderun's Mystic Blast      Conjuration                  4
 y - the Reference Book on Feathery Venom
   (You found it on level 5 of the Dungeon)

   Spells                             Type                      Level
   a - Shock                          Conjuration/Air              1
   b - Sting                          Conjuration/Poison           1
   c - Swiftness                      Charms/Air                   2
   d - Ignite Poison                  Fire/Transmutation/Poison    3
   e - Spider Form                    Transmutation/Poison         3
   f - Olgreb's Toxic Radiance        Poison                       4
   g - Silence                        Hexes/Air                    5
 L - a book of Callings

   Spells                             Type                      Level
   a - Summon Small Mammal            Summoning                    1
   b - Call Imp                       Summoning                    2
   c - Call Canine Familiar           Summoning                    3
   d - Summon Guardian Golem          Hexes/Summoning              3
   e - Summon Lightning Spire         Summoning/Air                4
   f - Summon Ice Beast               Ice/Summoning                4
 O - a book of Flames

   Spells                             Type                      Level
   a - Flame Tongue                   Conjuration/Fire             1
   b - Throw Flame                    Conjuration/Fire             2
   c - Conjure Flame                  Conjuration/Fire             3
   d - Inner Flame                    Hexes/Fire                   3
   e - Sticky Flame                   Conjuration/Fire             4
   f - Fireball                       Conjuration/Fire             5
Comestibles
 b - 27 rations
 T - 10 chunks of flesh


   Skills:
 * Level 6.7 Fighting
 + Level 0.4 Maces & Flails
 + Level 0.1(0.2) Staves
 * Level 6.1 Dodging
 - Level 1.8 Stealth
 * Level 5.6 Shields
 * Level 10.3 Spellcasting
 + Level 8.8 Conjurations
 + Level 0.1 Charms
 + Level 0.9 Translocations
 * Level 4.8 Transmutations
 * Level 4.4 Fire Magic
 - Level 6.0 Poison Magic


You had 6 spell levels left.
You knew the following spells:

 Your Spells              Type           Power        Failure   Level  Hunger
a - Magic Dart            Conj           ####         1%          1    None
b - Searing Ray           Conj           #####.       1%          2    None
c - Ignite Poison         Fire/Tmut/Pois ####....     1%          3    None
d - Olgreb's Toxic Radia  Pois           ####....     2%          4    ##.....
e - Swiftness             Chrm/Air       ##......     4%          2    None
f - Force Lance           Conj/Tloc      ####....     4%          4    ##.....
g - Conjure Flame         Conj/Fire      #####...     1%          3    None
h - Fireball              Conj/Fire      #####.....   5%          5    #####..


Dungeon Overview and Level Annotations

Branches:
Dungeon (10/15)            Temple (1/1) D:7            Lair (2/6) D:10
  Snake (0/4) Lair:2          Orc (0/2) D:10
  Swamp: Lair:2-4    Shoals: Lair:2-4

Altars:
Ashenzari
Dithmenos
Elyvilon
Fedhas
Gozag
Hepliaklqana
Kikubaaqudgha
Makhleb
Nemelex Xobeh
Qazlal
Ru
Sif Muna
Trog
Uskayaw
Vehumet
Wu Jian
Xom
Yredelemnul
Zin
The Shining One

Shops:
D:4 [   D:6 ?


Innate Abilities, Weirdness & Mutations

You can spit globs of acid.
You are resistant to acid.
Your golden yellow scales are hard. (AC +7)
You cannot fit into any form of body armour.
You are cold-blooded and may be slowed by cold attacks.


Message History

Okay, then.
Casting: Searing Ray
Confirm with . or Enter, or press ? or * to list all spells.
You feel quick. The spiny frog barely misses you.
The spiny frog stings the plant but does no damage.
You see here a wolf corpse.
The spiny frog is engulfed in freezing vapours.
There is a staircase to the Snake Pit here.
You start to feel a little slower.
You feel sluggish. You block the spiny frog's attack.
The spiny frog misses you. You block the spiny frog's attack.
The spiny frog stings you!
* * * LOW HITPOINT WARNING * * *
You start to feel a little faster.
The spiny frog misses you. The spiny frog closely misses you.
You found a shaft!
The spiny frog stings you.
* * * LOW HITPOINT WARNING * * *
The spiny frog stings you!!
You die...

# #. ..###........# ##
#...............# .#
##.##..#......### ##
#.......#......# #
#..#PPP#.#)...###
#######......#......#.#
##.#.................##
###.P..........§......#
.............#.F@.....#
......P.....P#.F§...<.#
#P..###..#...###.#...##
#.#.# ##........#....#
##### .........#....#
#...# ##........#P...#
....# .....##.......#
##... ##....#P.##..P.#
## .....#


You could see 2 spiny frogs.

Vanquished Creatures
  5 two-headed ogres
  Pikel (D:5)
  A black mamba (Lair:2)
  2 spiny frogs (Lair:2)
  4 komodo dragons
  A queen bee (D:9)
  Grinder (D:5)
  Prince Ribbit (D:7)
  3 blink frogs (Lair:2)
  Sigmund (D:5)
  A wyvern (D:9)
  5 porcupines
  7 water moccasins
  2 ice beasts
  2 black bears
  2 sky beasts
  3 phantoms
  12 orc warriors
  An ogre (D:7)
  10 centaurs
  9 wolves (Lair:2)
  4 crocodiles
  A big kobold (D:10)
  8 bullfrogs
  A wyvern zombie (D:8)
  A scorpion (D:4)
  24 killer bees (D:9)
  2 crimson imps (D:7)
  4 hounds
  5 jellies
  5 orc priests
  A bullfrog skeleton (D:6)
  A centaur skeleton (D:7)
  An iguana (D:8)
  2 orc wizards
  4 worker ants
  A hound zombie (D:6)
  2 worker ant zombies
  A howler monkey skeleton (D:8)
  13 adders
  10 gnolls
  A shadow imp (D:7)
  An ooze (D:2)
  An adder skeleton (D:4)
  4 worms
  2 dart slugs
  6 leopard geckos
  51 orcs
  2 ball pythons
  4 giant cockroaches
  12 goblins
  8 hobgoblins
  7 jackals
  16 kobolds
  3 quokkas
  10 bats
  4 frilled lizards
  A jackal zombie (D:9)
  A leopard gecko skeleton (D:6)
  A leopard gecko zombie (D:7)
  3 quokka skeletons
  A quokka zombie (D:5)
  8 rats
  5 bushes (Lair:1)
  4 plants (Lair:1)
321 creatures vanquished.

Vanquished Creatures (others)
  3 plants
3 creatures vanquished.

Grand Total: 324 creatures vanquished

Notes
Turn   | Place    | Note
-------+----------+-------------------------------------------
     0 | D:1      | Lennu the Draconian Conjurer began the quest for the Orb.
     0 | D:1      | Reached XP level 1. HP: 14/14 MP: 3/3
   471 | D:1      | Reached XP level 2. HP: 20/20 MP: 1/5
  1033 | D:2      | Reached XP level 3. HP: 26/26 MP: 0/6
  1232 | D:2      | Reached skill level 5 in Conjurations
  1383 | D:2      | Found a bloodstained altar of Trog.
  1965 | D:2      | Reached XP level 4. HP: 29/34 MP: 0/7
  2057 | D:2      | Learned a level 2 spell: Searing Ray
  2186 | D:2      | Found a hide-covered altar of Uskayaw.
  2996 | D:3      | Reached skill level 1 in Fighting
  2996 | D:3      | Reached XP level 5. HP: 19/40 MP: 1/9
  3153 | D:3      | Found a faded altar of an unknown god.
  3443 | D:3      | Reached skill level 3 in Spellcasting
  4717 | D:4      | Found a glowing golden altar of the Shining One.
  5138 | D:4      | Found Sorul's Armour Boutique.
  5147 | D:4      | Bought a +0 pair of gloves for 54 gold pieces
  5339 | D:4      | Reached XP level 6. HP: 47/47 MP: 5/11
  5445 | D:4      | Found a blossoming altar of Fedhas.
  5601 | D:5      | Entered Level 5 of the Dungeon
  5661 | D:5      | Noticed Sigmund
  5669 | D:5      | Killed Sigmund
  5669 | D:5      | Reached skill level 1 in Shields
  5669 | D:5      | Reached skill level 4 in Spellcasting
  5669 | D:5      | Your scales start taking on a golden yellow colour.
  5669 | D:5      | Reached XP level 7. HP: 55/55 MP: 4/13
  5782 | D:5      | Noticed Grinder
  5787 | D:5      | Killed Grinder
  6178 | D:5      | Found a shadowy altar of Dithmenos.
  6355 | D:5      | Noticed Pikel
  6382 | D:5      | Killed Pikel
  6382 | D:5      | Reached skill level 5 in Spellcasting
  6382 | D:5      | Reached XP level 8. HP: 60/63 MP: 2/16
  6477 | D:5      | Identified the Reference Book on Feathery Venom
  7029 | D:6      | Found Hecw's Magic Scroll Boutique.
  7365 | D:6      | Reached skill level 6 in Spellcasting
  7661 | D:6      | Learned a level 3 spell: Ignite Poison
  7666 | D:6      | Learned a level 4 spell: Olgreb's Toxic Radiance
  7748 | D:7      | Found a staircase to the Ecumenical Temple.
  7808 | D:7      | Found a flagged portal.
  7820 | Bailey   | Entered a bailey
  8192 | Bailey   | Reached skill level 1 in Poison Magic
  8192 | Bailey   | Reached XP level 9. HP: 52/71 MP: 4/18
  8192 | Bailey   | Reached skill level 1 in Transmutations
  8192 | Bailey   | Reached skill level 1 in Fire Magic
  8641 | Bailey   | Reached skill level 7 in Spellcasting
  9233 | Temple   | Entered the Ecumenical Temple
  9244 | Temple   | Became a worshipper of Qazlal Stormbringer
  9286 | D:7      | Found an ornate altar of the Wu Jian Council.
  9623 | D:7      | Noticed Prince Ribbit
  9629 | D:7      | Killed Prince Ribbit
  9629 | D:7      | Reached XP level 10. HP: 80/80 MP: 13/21
 10296 | D:8      | Noticed a two-headed ogre
 10304 | D:8      | Killed a two-headed ogre
 10304 | D:8      | Reached skill level 5 in Fighting
 10304 | D:8      | Reached skill level 8 in Spellcasting
 10760 | D:8      | Reached * piety under Qazlal
 10805 | D:8      | Learned a level 2 spell: Swiftness
 10882 | D:8      | Noticed a two-headed ogre
 10890 | D:8      | Killed a two-headed ogre
 11010 | D:8      | Learned a level 4 spell: Force Lance
 11517 | D:8      | Noticed a two-headed ogre
 11522 | D:8      | Noticed a two-headed ogre
 11524 | D:8      | Killed a two-headed ogre
 11527 | D:8      | Reached skill level 5 in Dodging
 11546 | D:8      | Killed a two-headed ogre
 11546 | D:8      | Reached skill level 9 in Spellcasting
 11546 | D:8      | Reached skill level 5 in Poison Magic
 11959 | D:9      | Reached XP level 11. HP: 81/89 MP: 16/24
 11959 | D:9      | Reached skill level 5 in Shields
 11960 | D:9      | Reached ** piety under Qazlal
 12168 | D:9      | Found an opulent altar of Gozag.
 12230 | D:9      | Found a white marble altar of Elyvilon.
 12402 | D:9      | Found a glowing silver altar of Zin.
 12402 | D:9      | Found a burning altar of Makhleb.
 12403 | D:9      | Noticed a blizzard demon
 12403 | D:9      | Noticed an angel
 12700 | D:10     | Entered Level 10 of the Dungeon
 12794 | D:10     | Found a staircase to the Orcish Mines.
 13167 | D:10     | Learned a level 3 spell: Conjure Flame
 13173 | D:10     | Learned a level 5 spell: Fireball
 13282 | D:10     | Noticed a two-headed ogre
 13291 | D:10     | Killed a two-headed ogre
 13524 | D:10     | Found a staircase to the Lair.
 13615 | Lair:1   | Entered Level 1 of the Lair of Beasts
 14578 | Lair:1   | Got a jewelled spear
 14579 | Lair:1   | Identified the +7 spear "Koixkan" {pierce, Str+3 Stlth+} (You found it on level 1 of the Lair of Beasts)
 14996 | Lair:2   | Found a staircase to the Snake Pit.
 15065 | Lair:2   | Reached *** piety under Qazlal
 15104 | Lair:2   | Reached skill level 10 in Spellcasting
 15440 | Lair:2   | Mangled by a spiny frog

Skill      XL: |  1  2  3  4  5  6  7  8  9 10 11 |
---------------+----------------------------------+-----
Conjurations   | 5 6 7 8 |  8.8
Dodging        | 2 3 4 5 6 |  6.1
Fighting       | 1 2 3 4 5 6 |  6.7
Spellcasting   | 3 4 5 6 7 9 10 | 10.3
Shields        | 1 2 3 4 5 |  5.6
Poison Magic   | 1 3 5 6 |  6.0
Transmutations | 2 3 4 |  4.8
Fire Magic     | 2 3 4 |  4.4
Maces & Flails | |  0.4
Staves         | |  0.1
Stealth        | |  1.8
Charms         | |  0.1
Translocations | |  0.9

Action                   |  1- 3 |  4- 6 |  7- 9 | 10-12 || total
-------------------------+-------+-------+-------+-------++-------
Melee: Unarmed           |    20 |    58 |     6 |       ||    84
       Tailslap          |     3 |     8 |       |     1 ||    12
       Whip              |       |       |     4 |       ||     4
       Staff             |       |       |       |    14 ||    14
 Cast: Magic Dart        |    96 |   101 |   132 |   138 ||   467
       Searing Ray       |       |    16 |    35 |    69 ||   120
       Ignite Poison     |       |       |    19 |    20 ||    39
       Olgreb's Toxic Ra |       |       |    14 |    12 ||    26
       Swiftness         |       |       |       |     2 ||     2
       Conjure Flame     |       |       |       |    12 ||    12
       Force Lance       |       |       |       |     8 ||     8
       Fireball          |       |       |       |     3 ||     3
 Abil: Breathe Acid      |       |       |     2 |     1 ||     3
  Use: Scroll            |     2 |     3 |     1 |     7 ||    13
       Potion            |       |     2 |       |     1 ||     3
  Eat: Chunk             |     2 |     7 |     6 |    14 ||    29
       Ration            |     1 |     2 |     2 |     2 ||     7
Armor: Skin              |    10 |    24 |    21 |    40 ||    95
Dodge: Dodged            |    23 |    61 |    51 |    84 ||   219
Block: Shield            |       |     6 |     5 |       ||    11
       Buckler           |       |       |    18 |    44 ||    62
